 Dungeon Crawl Stone Soup version 0.20.1-1-g8b1a95d (webtiles) character file.

146 schauveau the Caller (level 5, -14/28 HPs)
             Began as a Deep Elf Summoner on Nov 7, 2017.
             Killed by divine providence
             ... invoked by an orc priest
              (16 damage)
             ... on level 4 of the Dungeon.
             The game lasted 00:15:35 (3801 turns).

schauveau the Caller (Deep Elf Summoner)            Turns: 3801, Time: 00:15:36

Health: -14/28     AC:  7    Str:  4 (5)  XL:     5   Next: 7%
Magic:  6/13       EV: 13    Int: 18 (21) God:
Gold:   148        SH:  0    Dex: 16 (19) Spells: 6/13 levels left

rFire    . . .     SeeInvis .   a - +3 short sword (elec)
rCold    . . .     Gourm    .   (no shield)
rNeg     . . .     Faith    .   f - +0 robe
rPois    .         Spirit   .   (no helmet)
rElec    .         Reflect  .   (no cloak)
rCorr    .         Harm     .   r - +1 pair of gloves
MR       .....                  (no boots)
Stlth    ++........             (no amulet)
Regen    0.1/turn               C - +3 ring of protection
MPRegen  0.2/turn               w - +4 ring of dexterity

@: no status effects
A: no striking features
a: no special abilities


You were on level 4 of the Dungeon.
You were not hungry.

You visited 1 branch of the dungeon, and saw 4 of its levels.

You collected 148 gold pieces.

Inventory:

Hand Weapons
 a - a +3 short sword of electrocution (weapon)
 q - a +1 vampiric dagger
 u - a +1 short sword
 y - a +2 dagger of speed
Missiles
 g - 21 poisoned needles
Armour
 f - a +0 robe (worn)
 r - a +1 pair of gloves (worn)
Jewellery
 d - an uncursed ring of ice
 w - a +4 ring of dexterity (right hand)
 C - a +3 ring of protection (left hand)
Scrolls
 e - 2 scrolls of remove curse
 h - a scroll of blinking {unknown}
 j - a scroll of fog {unknown}
 k - 2 scrolls of identify {unknown}
 m - 2 scrolls of fear {unknown}
 p - a scroll of amnesia {unknown}
 v - a scroll of magic mapping {unknown}
 A - a scroll of random uselessness {unknown}
 D - a scroll of recharging {unknown}
 F - a scroll of teleportation {unknown}
Potions
 i - a potion of berserk rage {unknown}
 o - a potion of agility
 s - a potion of flight {unknown}
 x - a potion of degeneration
 z - a potion of resistance {unknown}
 B - a potion of curing {unknown}
 E - a potion of cancellation
Books
 b - a book of Callings

   Spells                             Type                      Level
   a - Summon Small Mammal            Summoning                    1
   b - Call Imp                       Summoning                    2
   c - Call Canine Familiar           Summoning                    3
   d - Summon Guardian Golem          Hexes/Summoning              3
   e - Summon Lightning Spire         Summoning/Air                4
   f - Summon Ice Beast               Ice/Summoning                4
Comestibles
 c - 2 bread rations
 l - 3 meat rations
 n - a royal jelly
 t - 2 fruits
 G - 4 chunks of flesh


   Skills:
 - Level 2.7 Dodging
 - Level 2.4 Stealth
 + Level 4.5 Spellcasting
 + Level 5.8 Summonings
 * Level 1.8 Air Magic


You had 6 spell levels left.
You knew the following spells:

 Your Spells              Type           Power        Failure   Level  Hunger
a - Call Imp              Summ           ####....     1%          2    #......
b - Summon Small Mammal   Summ           ####         1%          1    None
c - Summon Lightning Spi  Summ/Air       ###.....     28%         4    ####...


Dungeon Overview and Level Annotations

Branches:
Dungeon (4/15)
 Temple: D:4-7

Altars:

Annotations:
D:4 Pikel


Message History

The orc priest begins to cast a cantrip, but forgets the words!
Your crimson imp misses the orc priest.
Okay, then.
Unknown command.
It was a potion of degeneration.
There was something very wrong with that liquid.
You feel weakened.
You feel dopey.
You feel clumsy.
Your crimson imp barely misses the orc.
The orc hits you with a mace of protection.
* * * LOW HITPOINT WARNING * * *
Your crimson imp closely misses the orc priest.
It was a potion of cancellation.
Your magical effects are unravelling.
You feel magically purged.
You feel a little less agile now.
Your crimson imp hits the orc but does no damage.
The orc priest mumbles some strange prayers to Beogh against you.
Beogh smites you!
Ouch! That really hurt!
You die...

#.....[. #./
#......#....
##......#...#
#............
#...........$
#....55.#..!.
#...5o.......
#....o...#.##
#....@...#
#........#
#.......)#
#######..#
.... .#### .#


You could see an orc priest, an orc and 3 friendly crimson imps.

Vanquished Creatures
  An orc wizard (D:3)
  An adder (D:3)
  3 orcs (D:3)
  3 bats (D:2)
  2 giant cockroaches
  2 hobgoblins
  A frilled lizard (D:3)
  3 goblins
  A kobold (D:2)
  6 rats
23 creatures vanquished.

Vanquished Creatures (collateral kills)
  A slave (D:4)
  5 adders
  An ooze (D:2)
  6 worms
  3 dart slugs (D:2)
  A leopard gecko (D:3)
  8 orcs
  5 bats
  7 goblins
  4 hobgoblins
  5 jackals
  3 quokkas
  A ball python (D:2)
  2 frilled lizards (D:1)
  12 kobolds
  8 rats
72 creatures vanquished.

Grand Total: 95 creatures vanquished

Notes
Turn   | Place    | Note
-------+----------+-------------------------------------------
     0 | D:1      | schauveau the Deep Elf Summoner began the quest for the Orb.
     0 | D:1      | Reached XP level 1. HP: 10/10 MP: 6/6
   391 | D:1      | Reached XP level 2. HP: 15/15 MP: 5/8
   395 | D:1      | Learned a level 2 spell: Call Imp
  1300 | D:2      | Reached skill level 5 in Summonings
  1495 | D:2      | Reached XP level 3. HP: 19/19 MP: 1/10
  2273 | D:2      | Reached XP level 4. HP: 24/24 MP: 7/12
  2287 | D:2      | Learned a level 4 spell: Summon Lightning Spire
  3084 | D:3      | Reached skill level 1 in Air Magic
  3327 | D:3      | Reached XP level 5. HP: 26/28 MP: 8/13
  3438 | D:4      | Noticed Pikel
  3438 | D:4      | Noticed a slave
  3438 | D:4      | Noticed a slave
  3439 | D:4      | Noticed a slave
  3441 | D:4      | Noticed a slave
  3453 | D:4      | Killed a slave
  3801 | D:4      | Killed from afar by an orc priest

Skill      XL: |  1  2  3  4 |
---------------+-------------+-----
Summonings     | 5 |  5.8
Spellcasting   | 4 |  4.5
Air Magic      | 1 |  1.8
Dodging        | |  2.7
Stealth        | |  2.4

Action                   |  1- 3 |  4- 6 || total
-------------------------+-------+-------++-------
Melee: Unarmed           |     4 |       ||     4
       Short sword       |    24 |    39 ||    63
       Dagger            |     2 |       ||     2
 Cast: Summon Small Mamm |    50 |       ||    50
       Call Imp          |    45 |    53 ||    98
  Use: Scroll            |     1 |     2 ||     3
       Potion            |       |     3 ||     3
 Stab: Distracted        |     1 |     1 ||     2
       Sleeping          |     1 |       ||     1
  Eat: Chunk             |     5 |     5 ||    10
       Fruit             |       |     1 ||     1
Armor: Robe              |    12 |    17 ||    29
Dodge: Dodged            |    50 |    57 ||   107
